Unix NetHack Version 5.0.0-0 post-release - last build May 22 2026 02:22:16 (99d1c3b6dc4b13757aaa5824b55bdea4e1e63757,branch:main).

Game began 2026-05-22 14:04:39, ended 2026-05-22 14:53:40.

Drastanta, lawful female human Samurai

                           --
                      -- - .|
                    --.--..(|
             -- ----........------
           --.| -.|..............
--------- --.-   .....(.......---
|..|.--.---..| --...................
|............---..........-
|-...............-- ......-
|..............s.|    .."P.|
|-.........G.%...|      ......
|..........dO....|      -- .......
--.|.......@[^..--           ......-
 ------.--.|d----            ---- .-
      --------

Drastanta the Kunoichi  St:16 Dx:15 Co:18 In:9 Wi:10 Ch:7  Lawful
Dlvl:9  $:39 HP:0(64) Pw:26(26) AC:1  Xp:6 T:2732 

Latest messages:
 The ogre king starts to attack you, but pulls back.
 The ogre king starts to attack you, but pulls back.
 You finish your prayer.
 You feel that Amaterasu Omikami is well-pleased.
 You feel much better.
 You miss the ogre king.
 Machi 2 drops a blue gem.
 The ogre king thrusts one of his daggers.
 The ogre king hits!
 The ogre king picks up a blue gem.
 Hachi picks up a trident.
 You see here a dark potion.
 The ogre king throws a dagger!
 You see here an uncursed rustproof +0 splint mail.
 Hachi drops a trident.
 The ogre king picks up a dark potion.
 The ogre king picks up a dagger.
 The ogre king picks up a trident.
 The gnome lord picks up an orange gem.
 The ogre king picks up a bow.
 The ogre king wields a trident!
 Hachi bites the gnome lord.
 The gnome lord misses Hachi.
 You hit the ogre king!
 Machi 2 bites the gnome lord.
 The gnome lord misses Machi 2.
 Hachi misses the gnome lord.
 The gnome lord picks up 11 arrows.
 The ogre king hurls a dark potion!
 The phial crashes on your head and breaks into shards.
 The dark potion evaporates.
 You feel rather tired.
 Machi 2 picks up a blue gem.
 Hachi misses the gnome lord.
 The ogre king thrusts his trident.
 The ogre king hits!
 Hachi misses the gnome lord.
 You can move again.
 What do you want to drink? [hjpuvEG or ?*] ?
 You suddenly fall asleep!
 Hachi bites the gnome lord.
 The gnome lord hits Hachi.
 The ogre king thrusts his trident.
 The ogre king hits!
 The ogre king thrusts his trident.
 The ogre king hits!
 The ogre king thrusts his trident.
 The ogre king hits!
 You die...
 Do you want your possessions identified? [ynq] (y) q

Inventory:
 Coins    ('$')
  $ - 39 gold pieces
 Weapons  (')')
  d - 38 +0 ya (in quiver)
  c - a +0 yumi (alternate weapon; not wielded)
  a - a blessed +0 katana (weapon in right hand)
  t - a +0 long sword
 Armor    ('[')
  A - an uncursed +0 pair of iron shoes (being worn)
  F - an uncursed +0 cloak of displacement (being worn)
  H - an uncursed +0 dwarvish mithril-coat (being worn)
 Comestibles  ('%')
  s - an uncursed cram ration
  C - an uncursed tripe ration
 Scrolls  ('?')
  D - an uncursed scroll of confuse monster
  g - an uncursed scroll of destroy armor
  n - an uncursed scroll of enchant armor
  l - 2 uncursed scrolls of identify
  I - a blessed scroll of teleportation
 Potions  ('!')
  u - an uncursed potion of blindness
  p - an uncursed potion of extra healing
  v - an uncursed potion of fruit juice
  h - 4 uncursed potions of healing
  E - an uncursed potion of monster detection
  G - an uncursed potion of object detection
 Rings    ('=')
  m - an uncursed ring of warning
 Wands    ('/')
  x - a wand of magic missile (0:5)
  r - a wand of slow monster (0:7)
 Tools    ('(')
  f - an uncursed blindfold
  i - an uncursed stethoscope
  y - an uncursed tin whistle

Drastanta the Samurai's attributes:

Background:
 You were a Kunoichi, a level 6 female human Samurai.
 You were lawful, on a mission for Amaterasu Omikami
 who was opposed by Raijin (neutral) and Susanowo (chaotic).
 You were right-handed.
 You were in the Gnomish Mines, on level 9.
 You entered the dungeon 2732 turns ago.
 You had 631 experience points, 9 more were needed to attain level 7.

Basics:
 You had 0 out of 64 hit points.
 You had all 26 energy points (spell power).
 Your armor class was 1.
 Your wallet contained 39 zorkmids.
 Autopickup was off.

Final Characteristics:
 Your strength was 16 (limit:18/100).
 Your dexterity was 15 (limit:18).
 Your constitution was 18 (limit:18).
 Your intelligence was 9 (limit:18).
 Your wisdom was 10 (limit:18).
 Your charisma was 7 (limit:18).

Final Status:
 You weren't hungry.
 You were unencumbered.
 You were wielding a long sword.
 You were skilled in long sword.

Final Attributes:
 You were piously aligned.
 You were displaced.
 You were guarded.
 You were fast.
 You are dead.

Miscellaneous:
 You didn't encounter any bones levels.
 Total elapsed playing time was 49 minutes and 1 second.

Major events:
 Turn
    1: Drastanta the lawful female human Samurai entered the dungeon
 1384: entered the Gnomish Mines
 1400: attained the rank of Ronin (level 3)
 1668: reached Mine Town
 1968: attained the rank of Kunoichi (level 6)
 2732: killed by an ogre king, while sleeping

You didn't know any spells.

Skills:
 Fighting Skills
   martial arts      [Basic]
   two weapon combat [Unskilled]
   riding            [Unskilled]
 Weapon Skills
   dagger            [Unskilled]
   knife             [Unskilled]
   short sword       [Basic]
   broadsword        [Unskilled]
   long sword        [Skilled]
   two-handed sword  [Unskilled]
   saber             [Unskilled]
   flail             [Unskilled]
   quarterstaff      [Unskilled]
   polearms          [Unskilled]
   spear             [Unskilled]
   lance             [Unskilled]
   bow               [Basic]
   shuriken          [Unskilled]
 Spellcasting Skills
   attack spells     [Unskilled]
   divination spells [Unskilled]
   clerical spells   [Unskilled]

Voluntary challenges:
 Character rerolling was not enabled.
 You were illiterate.
 You never genocided any monsters.
 You never polymorphed an object.
 You never changed form.
 You used no wishes.
Achievements:
 You entered a shop.
 You entered the Gnomish Mines.
 You attained the rank of Ronin.
 You entered Minetown.
 You entered a temple.
 You attained the rank of Kunoichi.

 The Dungeons of Doom: levels 1 to 4
    Level 1:
       Some fountains, a sink.
    Level 2: "Long Sword Shop"
       A weapon shop.
    Level 3:
       A general store.
    Level 4:
       A fountain.
       Stairs down to The Gnomish Mines.
 The Gnomish Mines: levels 5 to 9
    Level 5:
    Level 6:
    Level 7:
       Many shops, a temple and an altar, some fountains.
    Level 8:
    Level 9: <- You were here.
       Final resting place for
          you, killed by an ogre king, while sleeping.


Vanquished creatures:
  a small mimic
  a giant spider
  a horse
 an ice vortex
  a bugbear
 an imp
  a wood nymph
 an orc shaman
  a yellow light
  8 gnome leaders
  5 gnomish wizards
  3 dwarves
  2 manes
  a giant rat
  2 yellow molds
 27 gnomes
  a gnome zombie
  a gecko
  a jackal
  a fox
  a goblin
  a grid bug
  3 bats
  2 lichens
  5 newts
73 creatures vanquished.

No species were genocided or became extinct.

Game over:
                       ----------
                      /          \
                     /    REST    \
                    /      IN      \
                   /     PEACE      \
                  /                  \
                  |    Drastanta     |
                  |      39 Au       |
                  |   killed by an   |
                  |    ogre king     |
                  |                  |
                  |                  |
                  |       2026       |
                 *|     *  *  *      | *
        _________)/\\_//(\/(/\)/\//\/|_)_______

Sayonara Drastanta the Samurai...

You died in The Gnomish Mines on dungeon level 9 with 2960 points,
and 39 pieces of gold, after 2732 moves.
You were level 6 with a maximum of 64 hit points when you died.

